Map: Cactus Valley LE (Void)

Players

dallaskuken

  • Race: Protoss Protoss
  • League: Platinum
  • Spawn Location: 1:00

Loken - Winner!

  • Race: Zerg Zerg
  • Spawn Location: 5:00

VOD

Have the link to the VOD?

Description

Time

  • Played on: March 12, 2017, 12:46 p.m.
  • Length: 9:23
Show
View Real Time Build Order
Export as new Build Order

dallaskuken Protoss 

Build Orders:  

Get SALT Encoding   

  12  0:01  Probe (Chrono Boost)  
  13  0:11  Probe (Chrono Boost)  
  14  0:21  Pylon  
  14  0:29  Probe (Chrono Boost)  
  15  0:39  Probe (Chrono Boost)  
  16  0:45  Gateway  
  17  0:50  Probe (Chrono Boost)  
  17  1:00  Probe (Chrono Boost)  
  18  1:10  Pylon  
  18  1:11  Probe (Chrono Boost)  
  19  1:15  Assimilator  
  19  1:21  Probe (Chrono Boost)  
  20  1:34  Cybernetics Core  
  20  1:36  Probe (Chrono Boost)  
  21  1:43  Zealot  
  24  1:47  Probe (Chrono Boost)  
  24  2:02  Probe (Chrono Boost)  
  24  2:04  Warp Gate  
  25  2:13  Probe (Chrono Boost)  
  26  2:24  Probe (Chrono Boost)  
  26  2:27  Nexus  
  26  2:29  Pylon, Assimilator  
  27  2:39  Pylon  
  27  3:00  Stargate  
  27  3:04  Probe (Chrono Boost)  
  28  3:10  Zealot  
  30  3:24  Pylon  
  30  3:37  Stalker  
  32  3:42  Gateway  
  32  3:43  Gateway  
  32  3:45  Gateway  
  32  3:52  Probe (Chrono Boost)  
  33  3:59  Mothership Core (Chrono Boost)  
  35  4:03  Probe (Chrono Boost)  
  35  4:05  Oracle  
  39  4:13  Probe (Chrono Boost)  
  40  4:17  Pylon  
  41  4:24  Probe (Chrono Boost)  
  41  4:35  Probe (Chrono Boost)  
  42  4:40  Pylon  
  42  4:45  Probe (Chrono Boost)  
  43  4:46  Forge  
  43  4:52  Zealot  
  45  4:53  Zealot  
  45  4:54  Zealot x2  
  45  4:56  Probe (Chrono Boost)  
  52  5:06  Probe (Chrono Boost)  
  50  5:17  Probe (Chrono Boost)  
  48  5:27  Stalker x3  
  48  5:28  Stalker  
  38  5:53  Probe (Chrono Boost)  
  39  5:58  Zealot x2  
  39  5:59  Zealot x2  
  48  6:04  Probe (Chrono Boost)  
  48  6:14  Probe (Chrono Boost)  
  49  6:25  Probe (Chrono Boost)  
  42  6:36  Probe (Chrono Boost)  
  42  6:46  Probe (Chrono Boost)  
  43  6:49  Sentry x2  
  43  6:50  Sentry  
  49  6:57  Probe (Chrono Boost)  
  49  6:59  Gateway  
  49  7:00  Pylon  
  49  7:01  Gateway  
  40  7:02  Pylon  
  40  7:03  Gateway  
  40  7:06  Gateway  
  40  7:10  Probe (Chrono Boost)  
  41  7:21  Probe (Chrono Boost)  
  41  7:22  Forge  
  42  7:28  Stalker  
  42  7:29  Stalker x2  
  48  7:31  Probe (Chrono Boost)  
  49  7:42  Probe (Chrono Boost)  
  48  7:52  Probe (Chrono Boost)  
  48  7:54  Stalker x2  
  48  7:55  Stalker x2  
  44  8:33  Zealot  
  46  8:45  Pylon  
Show
View Real Time Build Order
Export as new Build Order

Loken Zerg - Winner!

Build Orders: Hatch First 

Get SALT Encoding   

  12  0:01  Drone  
  13  0:13  Overlord  
  13  0:18  Drone  
  14  0:33  Drone x2  
  16  0:38  Drone  
  17  0:58  Hatchery, Drone  
  17  1:01  Drone  
  18  1:13  Drone  
  18  1:18  Drone  
  20  1:24  Spawning Pool  
  19  1:27  Extractor  
  19  1:31  Drone  
  20  1:40  Drone  
  20  1:50  Overlord  
  20  2:12  Queen  
  22  2:17  Drone  
  22  2:18  Drone x2  
  22  2:20  Queen  
  22  2:22  Overlord  
  27  2:37  Overlord  
  27  2:38  Metabolic Boost  
  27  2:45  Drone x3  
  30  2:56  Queen  
  32  3:01  Drone  
  32  3:02  Drone x2  
  35  3:08  Drone, Extractor  
  35  3:24  Zergling x4  
  35  3:25  Zergling x2  
  37  3:45  Drone  
  37  3:46  Drone x2  
  40  4:04  Zergling x2  
  40  4:05  Zergling x20  
  51  4:10  Lair, Roach Warren  
  50  4:21  Spore Crawler  
  49  4:25  Spore Crawler  
  49  4:28  Hatchery  
  47  4:42  Drone  
  47  4:43  Drone x2  
  50  4:53  Roach  
  50  4:54  Overlord x2  
  51  5:19  Roach  
  51  5:20  Roach x7  
  58  5:34  Roach  
  58  5:35  Roach x4  
  63  5:45  Drone x4  
  60  5:57  Drone x2  
  59  6:12  Drone  
  59  6:13  Drone x5  
  64  6:24  Zergling x8  
  66  6:33  Zergling x6  
  69  6:50  Glial Reconstitution  
  67  7:04  Overlord x7  
  67  7:08  Hatchery  
  66  7:16  Zergling x2  
  66  7:17  Zergling x2  
  68  7:27  Hydralisk Den  
  68  7:28  Drone  
  68  7:29  Drone x5  
  66  8:08  Zergling x8  
  66  8:09  Zergling x6  
  73  8:16  Zergling x2  
  73  8:17  Zergling x6  
  77  8:24  Drone x2  
  79  8:44  Spire  
  79  8:47  Drone  
  79  8:48  Drone x6  
Tags
 
Add a new tag
Caveats
  • Supply blocks, unpowered buildings, or Contaminate may cause inaccurate times.
  • Supply counts are checked every 10 seconds.